 Dungeon Crawl Stone Soup version 0.25-a0-578-gc91f01c (webtiles) character file.

Game seed: 13207335948272528655, levelgen mode: deterministic

31 Faels the Cudgeler (level 3, 29/29 HPs)
             Began as a Demonspawn Fighter on Mar 7, 2020.
             Quit the game on level 2 of the Dungeon.
             The game lasted 00:03:13 (1135 turns).

Faels the Cudgeler (Demonspawn Fighter)             Turns: 1135, Time: 00:03:14

Health: 29/29      AC:  6    Str: 17    XL:     3   Next: 7%
Magic:  3/3        EV:  7    Int:  9    God:
Gold:   114        SH:  8    Dex: 12    Spells: 2/2 levels left

rFire    . . .     SeeInvis .   a - +0 flail
rCold    . . .     Gourm    .   c - +0 kite shield
rNeg     . . .     Faith    .   b - +0 scale mail
rPois    .         Spirit   +   (no helmet)
rElec    .         Reflect  .   (no cloak)
rCorr    .         Harm     .   (no gloves)
MR       .....                  (no boots)
Stlth    ..........             (no amulet)
HPRegen  0.09/turn              (no ring)
MPRegen  0.08/turn              (no ring)

@: no status effects
A: hooves 1, magic shield
a: no special abilities


You were on level 2 of the Dungeon.
You were not hungry.

You visited 1 branch of the dungeon, and saw 2 of its levels.

You collected 114 gold pieces.

Inventory:

Hand Weapons
 a - a +0 flail (weapon)
Armour
 b - a +0 scale mail (worn)
 c - a +0 kite shield (worn)
Scrolls
 g - a scroll of enchant armour {unknown}
 h - 2 scrolls of identify {unknown}
 j - a scroll of magic mapping {unknown}
 l - 3 scrolls of noise {unknown}
 m - a scroll of teleportation {unknown}
 n - 2 scrolls of remove curse {unknown}
Potions
 d - a potion of might
 e - a potion of degeneration {unknown}
 i - a potion of heal wounds {unknown}
 k - a potion of curing {unknown}
Comestibles
 f - 4 rations
 o - 2 chunks of flesh


   Skills:
 - Level 3.0 Fighting
 * Level 3.1 Maces & Flails
 - Level 2.6 Armour
 - Level 0.6 Dodging
 - Level 2.6 Shields


You had 2 spell levels left.
You didn't know any spells.
Your spell library was empty.

Dungeon Overview and Level Annotations

Branches:
Dungeon (2/15)

Altars:
Xom


Innate Abilities, Weirdness & Mutations

You have large cloven feet.
When hurt, damage is shared between your health and your magic reserves.


Message History

You hit the worm.
The worm is severely wounded.
You block the worm's attack.
You sock the worm!
You kill the worm!
You have reached level 3!
Your experience leads to an increase in your attributes!
Increase (S)trength, (I)ntelligence, or (D)exterity?
You feel stronger.
Your demonic ancestry asserts itself...
Your feet thicken and deform.
You see here a worm corpse.
You butcher the worm corpse.
o - 3 chunks of flesh You start waiting.
Eating one of 3 chunks of flesh.
You eat one of the 3 chunks of flesh.
This raw flesh tastes terrible.
Done waiting.
Saving game... please wait.
Welcome back, Faels the Demonspawn Fighter.
Press ? for a list of commands and other information.
Are you sure you want to abandon this character and quit the game? (Confirm with "yes".)

#.. ... ...
########## #.#
#......... ...
####.######## #.#
.....# #.#
##.#############@#
#........†......#
#################


There were no monsters in sight!

Vanquished Creatures
  A worm (D:2)
  A ball python (D:2)
  A bat (D:1)
  A giant cockroach (D:1)
  3 goblins
  5 hobgoblins (D:1)
  5 kobolds
  5 frilled lizards (D:1)
  4 rats
26 creatures vanquished.

Notes
Turn   | Place    | Note
-------+----------+-------------------------------------------
     0 | D:1      | Faels the Demonspawn Fighter began the quest for the Orb.
     0 | D:1      | Reached XP level 1. HP: 18/18 MP: 1/1
   143 | D:1      | Gained mutation: When hurt, damage is shared between your
                  | health and your magic reserves. [demonic ancestry]
   143 | D:1      | Reached XP level 2. HP: 24/24 MP: 2/2
   814 | D:1      | Found a shimmering altar of Xom.
  1030 | D:2      | Gained mutation: You have large cloven feet. [demonic
                  | ancestry]
  1030 | D:2      | Reached XP level 3. HP: 28/29 MP: 3/3
  1135 | D:2      | Quit the game

Levels and vault maps discovered:
D:1:      sevenhm_arrival_forest_fort_small_6, layout_basic, moated_statue
D:2:      layout_loops_ring, tgw_trog

Skill      XL: |  1  2 |
---------------+-------+-----
Maces & Flails | 2 3 |  3.1
Fighting       | |  3.0
Armour         | |  2.6
Dodging        | |  0.6
Shields        | |  2.6

Action                   || total
-------------------------++-------
Melee: Flail             ||    84
  Eat: Chunk             ||     1
Armor: Scale mail        ||    34
Dodge: Dodged            ||    19
Block: Kite shield       ||    35

Table legend:
 A = Non-vault XP
 B = Vault XP
 C = Vault XP percentage of total XP
 D = Non-vault monster count
 E = Vault monster count
 F = Vault count percentage of total count
                 A         B        C        D         E       F
            +---------+---------+-------+---------+---------+-------
      Total |      45 |       0 |   0.0 |      26 |       0 |   0.0
            +---------+---------+-------+---------+---------+-------
        D:1 |      33 |       0 |   0.0 |      21 |       0 |   0.0
        D:2 |      12 |       0 |   0.0 |       5 |       0 |   0.0
            +---------+---------+-------+---------+---------+-------
